 Dungeon Crawl Stone Soup version 0.18-a0-1805-g8ab820f (webtiles) character file.

291 Duffy the Chopper (level 6, -4/47 HPs)
             Began as a Demonspawn Fighter on Apr 25, 2016.
             Slain by Duffy's ghost (8 damage)
             ... on level 4 of the Dungeon.
             The game lasted 00:03:50 (3765 turns).

Duffy the Chopper (Demonspawn Fighter)              Turns: 3765, Time: 00:03:51

Health: -4/47      AC: 12    Str: 18    XL:     6   Next: 10%
Magic:  0/6        EV:  4    Int:  9    God:
Gold:   220        SH:  9    Dex: 13    Spells: 0 memorised, 5 levels left

rFire  . . .     SeeInvis .     a - +0 war axe
rCold  . . .     Gourm    .     h - +0 chain mail
rNeg   . . .     Faith    .     c - +0 shield
rPois  .         Spirit   +     u - +0 helmet
rElec  .         Dismiss  .     w - +1 cloak
rCorr  .         Reflect  .     (no gloves)
SustAt .         Harm     .     (no boots)
MR     .....                    (no amulet)
Stlth  ..........               (no ring)
                                e - ring of stealth

@: not resistant to hostile enchantments, extremely unstealthy
A: hooves 2, magic shield
a: no special abilities


You were on level 4 of the Dungeon.
You were not hungry.

You visited 1 branch of the dungeon, and saw 4 of its levels.

You collected 220 gold pieces.


Innate Abilities, Weirdness & Mutations

You have hoof-like feet.
When hurt, damage is shared between your health and your magic reserves.


   Skills:
 - Level 3.0 Fighting
 + Level 5.9 Axes
 - Level 2.6 Armour
 - Level 2.6 Shields


You had 5 spell levels left.
You didn't know any spells.

Inventory:

Hand Weapons
 a - a +0 war axe (weapon)
Missiles
 r - 6 tomahawks (quivered)
Armour
 b - a +0 scale mail
 c - a +0 shield (worn)
 h - a +0 chain mail (worn)
 u - a +0 helmet (worn)
 w - a +1 cloak (worn)
Jewellery
 e - a ring of stealth (left hand)
Scrolls
 i - 2 scrolls of enchant weapon
 l - a scroll of amnesia {unknown}
 m - a scroll of random uselessness {unknown}
 n - a scroll of immolation {unknown}
 o - 2 scrolls of remove curse {unknown}
 q - 2 scrolls of blinking {unknown}
 v - 2 scrolls of teleportation {unknown}
 y - 2 scrolls of identify
Potions
 d - 3 potions of might
 j - 2 potions of invisibility
 p - a potion of cure mutation
 s - a potion of magic
 z - a potion of curing
Comestibles
 f - 3 bread rations
 g - a meat ration
 k - 2 slices of pizza
 t - a royal jelly

Dungeon Overview and Level Annotations

Branches:
Dungeon (4/15)
 Temple: D:4-7

Altars:
Gozag
Pakellas
Qazlal
Ru

Annotations:
D:4 Duffy's ghost, amateur DsFi


Message History

Duffy's ghost screams, "They lied to you.
The Dungeon just goes down and down forever."
Duffy's ghost hits you but does no damage.
You barely miss Duffy's ghost. Your kick misses Duffy's ghost.
Duffy's ghost is lightly damaged.
Duffy's ghost whispers, "The ORB doesn't exist."
Duffy's ghost hits you but does no damage.
You hit Duffy's ghost but do no damage. Your kick misses Duffy's ghost.
Duffy's ghost is lightly damaged.
You block Duffy's ghost's attack.
You hit Duffy's ghost.
You kick Duffy's ghost, but do no damage.
Duffy's ghost is moderately damaged.
Duffy's ghost barely misses you.
You barely miss Duffy's ghost.
You kick Duffy's ghost, but do no damage.
Duffy's ghost is moderately damaged.
Duffy's ghost completely misses you. Duffy's ghost hits you!
You hit Duffy's ghost but do no damage.
Duffy's ghost is moderately damaged.
You block Duffy's ghost's attack.
Your shield and chain mail prevent you from hitting Duffy's ghost.
Duffy's ghost is moderately damaged.
Duffy's ghost hits you.
You closely miss Duffy's ghost.
Duffy's ghost is moderately damaged.
You block Duffy's ghost's attack. x2
You hit Duffy's ghost.
You kick Duffy's ghost, but do no damage.
Duffy's ghost is moderately damaged.
Duffy's ghost hits you.
You hit Duffy's ghost but do no damage. Your kick misses Duffy's ghost.
Duffy's ghost is moderately damaged.
You hear the brisk rusting of a very distant drain.
You block Duffy's ghost's attack.
You closely miss Duffy's ghost. Your kick misses Duffy's ghost.
Duffy's ghost is moderately damaged.
Duffy's ghost hits you.
Duffy's ghost hits you but does no damage.
You hit Duffy's ghost but do no damage.
You kick Duffy's ghost, but do no damage.
Duffy's ghost is moderately damaged.
Duffy's ghost hits you but does no damage.
You barely miss Duffy's ghost.
Duffy's ghost is moderately damaged.
Duffy's ghost barely misses you.
Your shield and chain mail prevent you from hitting Duffy's ghost.
Your kick misses Duffy's ghost.
Duffy's ghost is moderately damaged.
Duffy's ghost hits you. Duffy's ghost hits you!
You die...

#.....##........##.##.##.###
###.####......####.##.##.#
#.# #.###### #.......#
#.####.##### ####.####
#.##.......# #.#
#.##.#.###.#### #.#
#.##.#........#####.#
#..........##.......#
####.####@.##########
#.####W.# .. ....##.......#
#.....#.#######.## #..##.#.#
#...# ##.....#.# #...#
.......#.# #...#
#..#..#.######...####
.#.......##...........#


You could see Duffy's ghost.

Action                   |  1- 3 |  4- 6 || total
-------------------------+-------+-------++-------
Melee: War axe           |   133 |   231 ||   364
       Kick              |    29 |    66 ||    95
  Use: Scroll            |     2 |     3 ||     5
       Potion            |       |     2 ||     2
  Eat: Chunk             |     3 |     7 ||    10
Armor: Scale mail        |    54 |    86 ||   140
       Chain mail        |       |    59 ||    59
Dodge: Dodged            |    39 |    47 ||    86
Block: Shield            |    61 |    92 ||   153

Notes
Turn   | Place    | Note
--------------------------------------------------------------
     0 | D:1      | Duffy the Demonspawn Fighter began the quest for the Orb.
     0 | D:1      | Reached XP level 1. HP: 18/18 MP: 1/1
   145 | D:2      | Reached skill level 2 in Axes
   341 | D:2      | Gained mutation: You have large cloven feet. [demonic ancestry]
   341 | D:2      | Reached XP level 2. HP: 13/24 MP: 2/2
   785 | D:1      | Reached skill level 3 in Axes
   883 | D:1      | Reached XP level 3. HP: 29/29 MP: 3/3
  1602 | D:2      | Found a stormy altar of Qazlal.
  1701 | D:2      | Gained mutation: You have hoof-like feet. [demonic ancestry]
  1701 | D:2      | Reached XP level 4. HP: 35/35 MP: 4/4
  1802 | D:2      | Reached skill level 4 in Axes
  2339 | D:3      | Found a sacrificial altar of Ru.
  2688 | D:3      | Gained mutation: When hurt, damage is shared between your health and your magic reserves. [demonic ancestry]
  2688 | D:3      | Reached XP level 5. HP: 9/41 MP: 5/5
  2827 | D:3      | Reached skill level 5 in Axes
  3404 | D:3      | Noticed Terence
  3424 | D:3      | Killed Terence
  3541 | D:4      | Reached XP level 6. HP: 44/47 MP: 6/6
  3608 | D:4      | Found an opulent altar of Gozag.
  3705 | D:4      | Found an oddly glowing altar of Pakellas.
  3724 | D:4      | Noticed Duffy's ghost (amateur DsFi)
  3765 | D:4      | Slain by Duffy's ghost

Skill      XL: |  1  2  3  4  5 |
---------------+----------------+-----
Axes           | 2 3 4 5 |  5.9
Fighting       | |  3.0
Armour         | |  2.6
Shields        | |  2.6

Vault maps used:
D:1:      minmay_arrival_loop, hangedman_decor_growths, solitary_fountain,
          minmay_bisected
D:2:      lemuel_coloured_pillars_altar, first_bread
D:3:      fountainhead, kennysheep_flooded_box, makhleb_blood_cavern_becter,
          uniq_terence
D:4:      good_gods_mini_temple, nicolae_overflow_hidden_temple,
          portal_sewer_entry_e, johnstein_pakellas_dig, uniq_crazy_yiuf_cottage

Vanquished Creatures
  A hound Terence
  An orc wizard
  A worker ant
  3 gnolls
  5 adders
  4 worms
  2 dart slugs
  4 giant geckos
  9 orcs
  2 ball pythons
  4 giant cockroaches
  5 goblins
  3 hobgoblins
  11 jackals
  2 quokkas
  6 bats
  4 giant newts
  8 kobolds
  10 rats
86 creatures vanquished.
